 Dungeon Crawl Stone Soup version 0.30.0-17-ge0270778cf (webtiles) character file.

Game seed: 4105691345609423199

13988 NateTC the Cleaver (level 11, -4/100 HPs)
             Began as a Minotaur Fighter on May 21, 2023.
             Was an Initiate of Gozag.
             Killed from afar by a fire dragon (19 damage)
             ... with a blast of flame
             ... on level 11 of the Dungeon.
             The game lasted 00:19:08 (10761 turns).

NateTC the Cleaver (Minotaur Fighter)              Turns: 10761, Time: 00:19:09

Health: -4/100     AC: 14    Str: 23    XL:     11   Next: 82%
Magic:  10/10      EV:  8    Int:  3    God:    Gozag
Gold:   1288       SH: 18    Dex: 14    Spells: 10/10 levels left

rFire   + . .        a - +4 war axe
rCold   + . .        I - +1 tower shield
rNeg    . . .        x - +0 chain mail
rPois   +            e - +1 hat of the Wonderful God {-Cast rElec rCorr Dex+4}
rElec   +            s - scarf {+Inv}
rCorr   +            r - +0 pair of gloves of Eternal Vigilance {Fly rElec rPois Int-4}
SInv    +            (no boots)
Will    .....        (no amulet) Stlth
                     t - ring of see invisible
HPRegen 0.36/turn    n - ring of resist corrosion
MPRegen 0.12/turn

%: no spellcasting
@: mighty, resistant, flying, hasted, very quick
A: horns 2, retaliatory headbutt
a: Renounce Religion, Evoke Invisibility, Potion Petition, Call Merchant, Bribe
Branch


You were on level 11 of the Dungeon.
You worshipped Gozag.
Gozag was most pleased with you.
You visited 2 branches of the dungeon, and saw 12 of its levels.
You also visited: Sewer and Ossuary.

You collected 2200 gold pieces.
You spent 229 gold pieces at shops.
You paid 683 gold pieces to Gozag.

Inventory:

Hand Weapons
 a - a +4 war axe (weapon)
Missiles
 o - 2 throwing nets (quivered)
Armour
 c - a +2 buckler
 e - the +1 hat of the Wonderful God (worn) {-Cast rElec rCorr Dex+4}
   (You found it on level 6 of the Dungeon)

   Dex:       It affects your dexterity (+4).
   rElec:     It insulates you from electricity.
   -Cast:     It prevents spellcasting.
   rCorr:     It protects you from acid and corrosion.
 r - the +0 pair of gloves of Eternal Vigilance (worn) {Fly rElec rPois Int-4}
   (You bought it in a shop on level 4 of the Dungeon)

   Int:       It affects your intelligence (-4).
   rElec:     It insulates you from electricity.
   rPois:     It protects you from poison.
   Fly:       It grants you flight.
 s - a scarf of invisibility (worn)
 x - a +0 chain mail (worn)
 I - a +1 tower shield (worn)
Jewellery
 b - a ring of willpower
 m - a ring of positive energy
 n - a ring of resist corrosion (right hand)
 t - a ring of see invisible (left hand)
 y - a ring of positive energy
 B - a ring of willpower
Wands
 v - a wand of quicksilver (1)
 w - a wand of mindburst (25)
Scrolls
 f - a scroll of blinking
 h - 5 scrolls of teleportation
 l - a scroll of poison
 z - a scroll of amnesia
 A - 4 scrolls of identify
 D - a scroll of fog
 H - a scroll of torment
Potions
 d - 3 potions of curing
 g - 3 potions of resistance
 i - 2 potions of brilliance
 k - a potion of cancellation
 p - a potion of ambrosia
 q - 2 potions of degeneration
 u - 2 potions of lignification
 C - a potion of haste
 E - 3 potions of berserk rage
 F - a potion of flight
 G - a potion of magic
Miscellaneous
 J - a phial of floods


   Skills:
 - Level 10.3 Fighting
 - Level 14.8 Axes
 * Level 9.8 Armour
 - Level 4.2 Dodging
 - Level 11.4 Shields


You had 10 spell levels left.
You didn't know any spells.
Your spell library contained the following spells:

 Spells                   Type           Power      Damage    Failure   Level
 Shock                    Conj/Air       0%         1d3       100%        1
 Blink                    Tloc           0%         N/A       100%        2
 Ensorcelled Hibernation  Hex/Ice        0%         N/A       100%        2
 Ignite Poison            Fire/Tmut/Pois 0%         N/A       100%        3
 Portal Projectile        Hex/Tloc       0%         N/A       100%        3
 Spider Form              Tmut/Pois      0%         N/A       100%        3
 Swiftness                Air            0%         N/A       100%        3
 Tukima's Dance           Hex            0%         N/A       100%        3
 Airstrike                Air            0%         2d(0-16)  100%        4
 Anguish                  Hex/Necr       0%         N/A       100%        4
 Manifold Assault         Tloc           0%         N/A       100%        4
 Sticky Flame             Conj/Fire      0%         2d3       100%        4
 Blade Hands              Tmut           0%         N/A       100%        5
 Storm Form               Tmut/Air       0%         N/A       100%        7
 Ignition                 Fire           0%         3d3       100%        8


Dungeon Overview and Level Annotations

Branches:
Dungeon (11/15) Zot: 26306  Temple (1/1) D:4 Zot: 5955    Lair (0/5) D:8
  Sewer (visited)         Ossuary (visited)
    Orc: D:9-12

Altars:
Ashenzari
Cheibriados
Dithmenos
Elyvilon
Fedhas
Gozag
Hepliaklqana
Kikubaaqudgha
Makhleb
Nemelex Xobeh
Qazlal
Ru
Sif Muna
Trog
Uskayaw
Vehumet
Yredelemnul
Zin
The Shining One

Shops:
D:1 (   D:4 [([

Annotations:
D:7 2 transporters, superbruh's ghost, novice GrMo


Innate Abilities, Weirdness & Mutations

You have a pair of horns on your head.
You reflexively headbutt those who attack you in melee.


Message History

The gargoyle barely misses you.
You slash the gargoyle!
You destroy the gargoyle!
You start resting.
A fire dragon comes into view.
The fire dragon roars deafeningly!
Things that are here:
8 gold pieces; a +0 morningstar
Okay, then.
There is a stone staircase leading up, spattered with blood here.
A fire dragon is nearby!
You slash the fire dragon!
The fire dragon is lightly wounded.
You block the fire dragon's attack. x2
The fire dragon tramples you but does no damage.
You hit the fire dragon.
The fire dragon is lightly wounded.
The fire dragon breathes flames at you. The blast of flame hits you!!!
Ouch! That really hurt!
* * * LOW HITPOINT WARNING * * *
[a] - 299 gold - heal wounds and magic [b] - 754 gold - haste, heal wounds, curing and magic [c] - 624 gold - resistance, might and haste Purchase which effect?
You feel protected.
You feel very mighty all of a sudden.
You feel yourself speed up. The fire dragon bites you.
* * * LOW HITPOINT WARNING * * *
The fire dragon claws you but does no damage.
The fire dragon tramples you.
* * * LOW HITPOINT WARNING * * *
You are shoved backwards!
You slash the fire dragon!
The fire dragon is moderately wounded.
You closely miss the fire dragon. You headbutt the fire dragon.
The fire dragon is moderately wounded.
The fire dragon breathes flames at you. The blast of flame hits you!!
You resist.
You die...
Your body crumbles into a pile of gold.

......... #
......#...### .#
...........#.##.
#..........#....
#.............# #
#.............##.##
..................###
#........#..#.....#.##
.........@...##......#
..#.....D...........#
........$$..........##
.....................#
.....................#
.....................##
..................#...#
.....................##
....................##


You could see a fire dragon (catching breath).

Vanquished Creatures
  Gastronok (D:10)
  2 two-headed ogres
  A centaur warrior (D:11)
  A cyclops (D:10)
  A gargoyle (D:11)
  An unseen horror (D:10)
  A komodo dragon (D:10)
  A troll (D:10)
  A hornet (D:7)
  A wyvern (D:9)
  A wraith (D:10)
  3 fire bats (D:10)
  2 fire elementals
  3 vampire mosquitoes (D:10)
  Grum (D:8)
  25 yaks
  Menkaure (D:6)
  A steam dragon (D:8)
  An acid dragon (D:10)
  2 water moccasins
  A black bear (D:5)
  4 orc warriors
  A sky beast (D:7)
  3 ogres
  2 wolves (D:8)
  3 centaurs
  5 kobold brigands
  A gnoll sergeant (D:8)
  4 scorpions
  4 water moccasin zombies (Ossuary)
  9 wights (D:7)
  3 killer bees (D:10)
  A howler monkey (D:8)
  A gnoll bouda (D:9)
  6 orc priests
  3 hounds
  2 sleepcaps
  Ijyb (D:3)
  11 orc wizards
  Terence (D:3)
  2 iguanas
  2 mummies (Ossuary)
  10 gnolls
  13 adders
  3 river rats
  2 shadow imps
  2 white imps
  2 ufetubi
  3 adder zombies (Ossuary)
  3 worms
  3 dart slugs
  27 orcs
  9 endoplasms
  9 giant cockroaches
  4 gnoll zombies (Ossuary)
  7 goblins
  2 hobgoblins (D:4)
  A jackal (Sewer)
  2 quokkas
  8 ball pythons
  8 bats
  9 frilled lizards
  7 hobgoblin zombies
  16 kobolds
  7 kobold zombies (Ossuary)
  2 orc zombies (Ossuary)
  13 rats
293 creatures vanquished.

Notes
Turn   | Place    | Note
-------+----------+-------------------------------------------
     0 | D:1      | NateTC the Minotaur Fighter began the quest for the Orb.
     0 | D:1      | Reached XP level 1. HP: 19/19 MP: 0/0
    21 | D:1      | Found Pikisan's Antique Weapon Shoppe.
    58 | D:1      | Reached skill level 3 in Axes
    75 | D:1      | Reached XP level 2. HP: 26/26 MP: 1/1
   213 | D:1      | Reached skill level 4 in Axes
   452 | D:2      | Reached XP level 3. HP: 31/31 MP: 2/2
   645 | D:2      | Reached skill level 5 in Axes
   811 | D:2      | Reached XP level 4. HP: 39/39 MP: 3/3
  1146 | D:3      | Noticed Terence
  1152 | D:3      | Killed Terence
  1153 | D:3      | Reached skill level 6 in Axes
  1396 | D:3      | Found a glowing silver altar of Zin.
  1403 | D:3      | Noticed Ijyb
  1409 | D:3      | Killed Ijyb
  1410 | D:3      | Reached XP level 5. HP: 20/45 MP: 4/4
  2021 | D:4      | Found Pofuupt's Armour Shoppe.
  2214 | D:4      | Reached skill level 5 in Fighting
  2238 | D:4      | Reached XP level 6. HP: 18/56 MP: 5/5
  2386 | D:4      | Found Getax's Weapon Boutique.
  2395 | D:4      | Found Ulaurph's Armour Emporium.
  2414 | D:4      | Found a staircase to the Ecumenical Temple.
  2505 | Temple   | Entered the Ecumenical Temple
  2535 | Temple   | Became a worshipper of Gozag Ym Sagoz the Greedy
  2584 | D:5      | Entered Level 5 of the Dungeon
  2683 | D:5      | Reached skill level 5 in Shields
  2773 | D:5      | Found a glowing drain.
  2872 | Sewer    | Entered a sewer
  3214 | Sewer    | Reached XP level 7. HP: 54/61 MP: 6/6
  3659 | D:4      | Bought the +0 pair of gloves of Eternal Vigilance {Fly
                  | rElec rPois Int-4} for 229 gold pieces
  4107 | D:5      | Reached skill level 7 in Axes
  4442 | D:6      | Reached skill level 8 in Axes
  4442 | D:6      | Reached XP level 8. HP: 68/68 MP: 7/7
  4468 | D:6      | Noticed Menkaure
  4476 | D:6      | Killed Menkaure
  4528 | D:6      | Reached skill level 9 in Axes
  4682 | D:6      | Identified the +1 hat of the Wonderful God {-Cast rElec
                  | rCorr Dex+4}
  4997 | D:6      | Reached skill level 10 in Axes
  5570 | D:7      | Reached skill level 11 in Axes
  5677 | D:7      | Reached XP level 9. HP: 63/74 MP: 8/8
  5824 | D:7      | Reached skill level 12 in Axes
  5835 | D:7      | Found a transporter.
  5945 | D:7      | Noticed superbruh's ghost (novice GrMo)
  5949 | D:7      | Found a transporter.
  6587 | D:8      | Found a sand-covered staircase.
  6598 | Ossuary  | Entered an ossuary
  6629 | Ossuary  | Reached skill level 1 in Dodging
  7203 | D:8      | Found a staircase to the Lair.
  7567 | D:8      | Noticed a two-headed ogre
  7576 | D:8      | Killed a two-headed ogre
  7577 | D:8      | Reached XP level 10. HP: 59/91 MP: 9/9
  7783 | D:8      | Noticed Grum
  7803 | D:8      | Killed Grum
  8195 | D:9      | Identified the +9 flail "Ukexicw" {flame, Str+3}
  8301 | D:9      | Reached skill level 13 in Axes
  8306 | D:9      | Reached skill level 10 in Shields
  8603 | D:9      | Found a sacrificial altar of Ru.
  8859 | D:9      | Found a glowing golden altar of the Shining One.
  8859 | D:9      | Found a faded altar of an unknown god.
  8867 | D:9      | Found a stormy altar of Qazlal.
  8869 | D:9      | Found a blossoming altar of Fedhas.
  8880 | D:9      | Found a broken altar of Ashenzari.
  9033 | D:10     | Entered Level 10 of the Dungeon
  9054 | D:10     | Noticed Gastronok
  9094 | D:10     | Reached skill level 14 in Axes
  9094 | D:10     | Reached XP level 11. HP: 37/99 MP: 10/10
  9108 | D:10     | Killed Gastronok
  9362 | D:10     | Reached skill level 10 in Fighting
  9362 | D:10     | Reached skill level 5 in Armour
 10383 | D:11     | Noticed a centaur warrior
 10489 | D:11     | Noticed a two-headed ogre
 10526 | D:10     | Killed a two-headed ogre
 10673 | D:11     | Killed a centaur warrior
 10749 | D:11     | Noticed a fire dragon
 10761 | D:11     | Killed from afar by a fire dragon

Illustrated notes

Levels and vault maps discovered:
D:1:      dpeg_arrival_tiny_d, layout_basic, serial_shops, nicolae_shop_crystal
D:2:      layout_rooms, serial_aquarium, aquarium_bridge_long_joined
          [aquarium_subvault_bridge, aquarium_subvault_bridge,
          aquarium_subvault_balcony, aquarium_subvault_window,
          aquarium_subvault_window, aquarium_subvault_wall],
          aquarium_window_corridor_1, aquarium_window_fake, aquarium_view_2b
D:3:      layout_basic, mainiacjoe_overflow_chevrons, supply_closet_lemuel,
          uniq_terence, uniq_ijyb
D:4:      layout_cave_pools, minmay_temple_entry_butterflies, serial_shops,
          shop, nicolae_shop_trees, nicolae_shop_tiny_real_fake_doors
D:5:      layout_loops_ring, portal_sewer_entry_e, serial_bayou,
          serial_bayou_lagoon_b, serial_bayou_pond_c, serial_bayou_lagoon_a,
          serial_bayou_pond_d, minmay_increasing_density
D:6:      layout_basic, uniq_menkaure
D:7:      layout_loops_cross, gammafunk_ghost_smash
D:8:      kennysheep_six_static_rooms, layout_gridville, lair_entry_dummy,
          enter_ossuary_3, serial_bayou_pond_d, corexii_hall_statues_l,
          uniq_grum
D:9:      layout_small_grid, chequers_temple_overflow_minitemple,
          lemuel_crystal_altar
D:10:     layout_loops_ring, minmay_sticks_and_stones, uniq_gastronok
D:11:     minmay_firetagon, layout_cross, zombieorc1_lemuel
Temple:   compressed_dpeg_triangle_lava_temple

Skill      XL: |  1  2  3  4  5  6  7  8  9 10 11 |
---------------+----------------------------------+-----
Axes           | 3 4 5 6 8 11 12 14 | 14.8
Fighting       | 5 9 10 | 10.3
Shields        | 6 8 11 | 11.4
Dodging        | 3 4 |  4.2
Armour         | 9 |  9.8

Action                     |  1- 3 |  4- 6 |  7- 9 | 10-12 || total
---------------------------+-------+-------+-------+-------++-------
  Melee: War axe           |    66 |   210 |   272 |   281 ||   829
         Headbutt          |     7 |    28 |    48 |    75 ||   158
 Invoke: Potion Petition   |       |       |       |     1 ||     1
    Use: Scroll            |       |    10 |    13 |     6 ||    29
         Potion            |       |       |     2 |     4 ||     6
   Stab: Distracted        |       |       |     2 |     4 ||     6
 Armour: Scale mail        |    22 |   101 |    19 |       ||   142
         Chain mail        |       |       |    62 |    69 ||   131
  Dodge: Dodged            |    31 |    54 |    70 |    65 ||   220
  Block: Buckler           |    13 |    31 |    77 |    14 ||   135
         Tower shield      |       |       |       |   192 ||   192
